 Dungeon Crawl Stone Soup version 0.21.1-1-g345015f (webtiles) character file.

498 letownia2 the Spear-Bearer (level 7, 0/52 HPs)
             Began as a Merfolk Gladiator on Feb 16, 2018.
             Was a Believer of Ru.
             Slain by a black bear (7 damage)
             ... on level 6 of the Dungeon.
             The game lasted 00:11:14 (1707 turns).

letownia2 the Spear-Bearer (Merfolk Gladiator)      Turns: 1707, Time: 00:11:14

Health: 0/52       AC:  6    Str: 15    XL:     7   Next: 16%
Magic:  7/7        EV: 15    Int:  8    God:    Ru [**....]
Gold:   167        SH:  5    Dex: 16    Spells: 6/6 levels left

rFire    + . .     SeeInvis .   a - +0 spear
rCold    . . .     Gourm    .   (no shield)
rNeg     + . .     Faith    .   m - +0 leather armour (curse)
rPois    .         Spirit   .   c - +0 helmet
rElec    .         Reflect  +   (no cloak)
rCorr    .         Harm     .   w - +0 pair of gloves
MR       .....                  h - +0 pair of boots
Stlth    +.........             o - +5 amulet of reflection
HPRegen  0.17/turn              g - ring of positive energy
MPRegen  0.10/turn              p - ring of protection from fire

@: hasted, very quick
A: change form in water, swift swim, stealthy swim, inability to use devices
a: Renounce Religion


You were on level 6 of the Dungeon.
You worshipped Ru.
Ru was pleased with you.
You were not hungry.

You visited 1 branch of the dungeon, and saw 7 of its levels.
You also visited: Sewer.

You collected 167 gold pieces.

Inventory:

Hand Weapons
 a - a +0 spear (weapon)
 b - a +0 trident
 A - a +0 halberd
Missiles
 l - 4 javelins (quivered)
 v - 17 bolts
 C - 7 tomahawks
Armour
 c - a +0 helmet (worn)
 e - a +0 leather armour
 h - a +0 pair of boots (worn)
 m - a cursed +0 leather armour (worn)
 n - a cursed +0 scale mail
 w - a +0 pair of gloves (worn)
Jewellery
 g - a ring of positive energy (left hand)
 o - a +5 amulet of reflection (around neck)
 p - a ring of protection from fire (right hand)
 u - an uncursed ring of wizardry
Scrolls
 i - a scroll of immolation {unknown}
 j - 2 scrolls of identify {unknown}
 k - a scroll of teleportation {unknown}
 q - a scroll of enchant armour {unknown}
 r - a scroll of blinking {unknown}
 y - a scroll of remove curse {unknown}
 D - a scroll of amnesia {unknown}
Potions
 x - a potion of invisibility {unknown}
 z - a potion of curing
 B - a potion of lignification {unknown}
Comestibles
 f - 4 rations
 t - 3 chunks of flesh


   Skills:
 + Level 3.2 Fighting
 * Level 9.9 Polearms
 - Level 2.0 Throwing
 - Level 1.1 Armour
 + Level 5.0 Dodging


You had 6 spell levels left.
You didn't know any spells.

Dungeon Overview and Level Annotations

Branches:
Dungeon (7/15)             Temple (0/1) D:6

Altars:
Ru
Xom

Annotations:
D:3 Grinder


Innate Abilities, Weirdness & Mutations

You revert to your normal form in water.
You are very nimble and swift while swimming.
You are very stealthy in the water. (Stealth+)
You cannot study or use magical devices.


Message History

The black bear bites you.
* * * LOW HITPOINT WARNING * * *
The black bear claws you but does no damage.
The black bear claws you!
* * * LOW HITPOINT WARNING * * *
Unknown command.
Unknown command.
It was a potion of curing.
You feel better. The black bear barely misses you. The black bear claws you.
* * * LOW HITPOINT WARNING * * *
The black bear closely misses you. The black bear bites you.
* * * LOW HITPOINT WARNING * * *
The black bear closely misses you. The black bear barely misses you.
It was a potion of haste.
You feel yourself speed up. You block the black bear's attack.
The black bear closely misses you. You block the black bear's attack.
Evoke which item? (* to show all) (? for menu, Esc to quit)
Okay, then.
The black bear bites you!
You die...

#..........#.##.#
#....####.#
.......#..>#.#.#
#........#
.......#.#.../##
##..######
#........###(#>#####...#
.......#.# #.##.#....#.#
#....###.###.s÷...#....#
..........##.#.......###
#....###..##...h########
..#.## #/.##....@......#
#.#.# #..###...######.#
....# #..# ##.## #.#
#..## #..# #.# #.# ...#
#..# #.# #.# #### #..#
#.# #.# # #..####.# #.#
########..)....#######.#
.......................#


You could see a black bear (berserk) and a scorpion.

Vanquished Creatures
  2 ogres
  A bullfrog (D:6)
  An orc wizard (D:6)
  A centaur skeleton (D:4)
  2 worker ants (D:6)
  A hound skeleton (D:6)
  7 adders
  4 gnolls (D:6)
  A dart slug (D:2)
  3 leopard geckos
  An orc (D:4)
  3 giant cockroaches
  2 goblins (D:2)
  10 jackals
  4 kobolds (D:2)
  2 quokkas
  2 bats (D:2)
  3 frilled lizards (D:2)
  A quokka skeleton (D:5)
  4 rats
55 creatures vanquished.

Notes
Turn   | Place    | Note
-------+----------+-------------------------------------------
     0 | D:1      | letownia2 the Merfolk Gladiator began the quest for the Orb.
     0 | D:1      | Reached XP level 1. HP: 16/16 MP: 1/1
   120 | D:2      | Reached skill level 5 in Polearms
   120 | D:2      | Reached XP level 2. HP: 22/22 MP: 2/2
   275 | D:2      | Reached skill level 6 in Polearms
   275 | D:2      | Reached XP level 3. HP: 18/27 MP: 3/3
   384 | D:2      | Found a sacrificial altar of Ru.
   433 | D:2      | Became a worshipper of Ru the Awakened
   495 | D:3      | Noticed Grinder
   722 | D:4      | Reached XP level 4. HP: 33/33 MP: 4/4
   730 | D:4      | Reached skill level 7 in Polearms
   792 | D:4      | Found a shimmering altar of Xom.
   946 | D:5      | Entered Level 5 of the Dungeon
   946 | D:5      | Noticed an ogre
   954 | D:5      | Killed an ogre
   954 | D:5      | Reached skill level 8 in Polearms
   954 | D:5      | Reached XP level 5. HP: 24/38 MP: 5/5
  1044 | D:6      | Reached skill level 9 in Polearms
  1044 | D:6      | Reached XP level 6. HP: 18/46 MP: 6/6
  1127 | D:6      | Found a glowing drain.
  1131 | Sewer    | Entered a sewer
  1360 | D:6      | Gained mutation: You cannot study or use magical devices. [Ru sacrifice]
  1360 | D:6      | Reached * piety under Ru
  1360 | D:6      | Reached ** piety under Ru
  1376 | D:6      | Found a staircase to the Ecumenical Temple.
  1456 | D:6      | Reached skill level 1 in Armour
  1514 | D:7      | Noticed an orc warrior
  1613 | D:6      | Reached skill level 5 in Dodging
  1613 | D:6      | Reached XP level 7. HP: 24/52 MP: 7/7
  1707 | D:6      | Slain by a black bear

Skill      XL: |  1  2  3  4  5  6 |
---------------+-------------------+-----
Polearms       | 5 6 8 9 |  9.9
Armour         | 1 |  1.1
Fighting       | 3 |  3.2
Dodging        | 5 |  5.0
Throwing       | |  2.0

Action                   |  1- 3 |  4- 6 |  7- 9 || total
-------------------------+-------+-------+-------++-------
Melee: Spear             |   113 |   192 |     2 ||   307
       Tailslap          |     4 |       |       ||     4
       Trident           |       |     8 |       ||     8
Throw: Throwing net      |     1 |     2 |       ||     3
       Javelin           |       |       |     6 ||     6
Invok: Sacrifice Artific |       |     1 |       ||     1
Evoke: Wand              |       |     2 |       ||     2
  Use: Potion            |       |       |     2 ||     2
 Stab: Held in net/web   |     2 |     4 |       ||     6
  Eat: Chunk             |       |     2 |     1 ||     3
Armor: Leather armour    |    14 |    24 |     7 ||    45
Dodge: Dodged            |    51 |    88 |    10 ||   149
Block: Other             |       |     4 |     3 ||     7
